| TOP OF THE 1ST |
|
Pennsylvania State University Nittany Lions batting - Pitching for University of California Golden Bears : RHP Robert Chauvel
|
|
Pitching: RHP Robert Chauvel
|
|
|
Batting: RHB John Hopkins
|
0-0: Fly out, F9 (Flyball, 89M, EV 88.1 MPH)
|
|
Batting: RHB Craig Alvarado
|
0-0: Ground out 1-3 (Groundball, 34S, EV 62.5 MPH)
|
|
Batting: RHB Kaoru Hamada
|
0-0: Ball 1-0: Ball 2-0: Ball 3-0: Called Strike 3-1: Base on Balls
|
|
Batting: SHB Glenn Harrison
|
0-0: Called Strike Kaoru Hamada steals 2nd base 0-1: Ball 1-1: Called Strike 1-2: Foul Ball, location: 2F 1-2: Ball 2-2: Ground out 4-3 (Groundball, 4, EV 85.6 MPH)
|
| Top of the 1st over - 0 runs, 0 hits, 0 errors, 1 left on base; Pennsylvania State University 0 - University of California 0 |
| BOTTOM OF THE 1ST |
|
University of California Golden Bears batting - Pitching for Pennsylvania State University Nittany Lions : RHP David Kalinsky
|
|
Pitching: RHP David Kalinsky
|
|
|
Batting: LHB Eric Gaugler
|
0-0: Called Strike 0-1: Foul Ball, location: 2F 0-2: Fly out, F9 (Flyball, 9, EV 81.2 MPH)
|
|
Batting: RHB Juan Debayle
|
0-0: Ball 1-0: Foul Ball, location: 2F 1-1: Called Strike 1-2: Ground out U3 (Groundball, 3S, EV 70.6 MPH)
|
|
Batting: LHB Carlos Gaona
|
0-0: Ball 1-0: Ball 2-0: Called Strike 2-1: Ball 3-1: Called Strike 3-2: Foul Ball, location: 2F 3-2: DOUBLE (Line Drive, 89D, EV 100.0 MPH)
|
|
Batting: SHB Matsudaira Ikeda
|
0-0: Called Strike 0-1: Ball 1-1: Fly out, F6 (Flyball, 6D, EV 89.4 MPH)
|
| Bottom of the 1st over - 0 runs, 1 hit, 0 errors, 1 left on base; Pennsylvania State University 0 - University of California 0 |
| TOP OF THE 2ND |
|
Pennsylvania State University Nittany Lions batting - Pitching for University of California Golden Bears : RHP Robert Chauvel
|
|
Batting: RHB Mike Smith
|
0-0: Fly out, F4 (Popup, 34D, EV 73.1 MPH)
|
|
Batting: RHB Jesse Sargent
|
0-0: SINGLE (Groundball, 6MD, EV 98.1 MPH)
|
|
Batting: RHB Fernando Membreno
|
0-0: Ball 1-0: Foul Ball, location: 2F 1-1: Ball 2-1: Ball 3-1: Foul Ball, location: 2F 3-2: Strikes out swinging
|
|
Batting: LHB Josh Lane
|
0-0: SINGLE (Groundball, 13, EV 81.9 MPH) (infield hit) Jesse Sargent to second
|
|
Batting: RHB Klaus Brown
|
0-0: Ball 1-0: Called Strike 1-1: Fly out, F9 (Flyball, 89S, EV 89.4 MPH)
|
| Top of the 2nd over - 0 runs, 2 hits, 0 errors, 2 left on base; Pennsylvania State University 0 - University of California 0 |
| BOTTOM OF THE 2ND |
|
University of California Golden Bears batting - Pitching for Pennsylvania State University Nittany Lions : RHP David Kalinsky
|
|
Batting: RHB Nate Mahon
|
0-0: Called Strike 0-1: Swinging Strike 0-2: Foul Ball, location: 2F 0-2: Ball 1-2: Foul Ball, location: 2F 1-2: Strikes out swinging
|
|
Batting: RHB Mario Diaz
|
0-0: Ball 1-0: Ground out U3 (Groundball, 3L, EV 88.8 MPH)
|
|
Batting: RHB Alex Guerra
|
0-0: Called Strike 0-1: Foul Ball, location: 2F 0-2: Ground out 4-3 (Groundball, 4, EV 86.2 MPH)
|
| Bottom of the 2nd over - 0 runs, 0 hits, 0 errors, 0 left on base; Pennsylvania State University 0 - University of California 0 |
| TOP OF THE 3RD |
|
Pennsylvania State University Nittany Lions batting - Pitching for University of California Golden Bears : RHP Robert Chauvel
|
|
Batting: RHB John Hopkins
|
0-0: Ball 1-0: Ball 2-0: Ball 3-0: Base on Balls
|
|
Batting: RHB Craig Alvarado
|
0-0: Ball 1-0: Called Strike 1-1: Swinging Strike 1-2: Ball 2-2: Ball 3-2: SINGLE (Groundball, 34D, EV 87.5 MPH) (infield hit) John Hopkins to second
|
|
Batting: RHB Kaoru Hamada
|
0-0: Ball 1-0: Swinging Strike 1-1: Ball 2-1: Foul Ball, location: 2F 2-2: Strikes out swinging
|
|
Batting: SHB Glenn Harrison
|
0-0: Ball 1-0: Ball 2-0: Grounds into double play, 6-4-3 (Groundball, 6, EV 79.4 MPH)
|
| Top of the 3rd over - 0 runs, 1 hit, 0 errors, 1 left on base; Pennsylvania State University 0 - University of California 0 |
| BOTTOM OF THE 3RD |
|
University of California Golden Bears batting - Pitching for Pennsylvania State University Nittany Lions : RHP David Kalinsky
|
|
Batting: RHB Devon Healy
|
0-0: Ball 1-0: Foul Ball, location: 2F 1-1: Ball 2-1: Ball 3-1: Base on Balls
|
|
Batting: RHB Domingas Saragoa
|
0-0: Ball 1-0: Ball 2-0: Ball 3-0: Called Strike 3-1: Swinging Strike 3-2: Strikes out looking
|
|
Batting: LHB Eric Gaugler
|
0-0: Foul Ball, location: 2F 0-1: Ball 1-1: Foul Ball, location: 2F 1-2: Ball 2-2: Grounds into double play, 4-6-3 (Groundball, 4, EV 83.8 MPH)
|
| Bottom of the 3rd over - 0 runs, 0 hits, 0 errors, 0 left on base; Pennsylvania State University 0 - University of California 0 |
| TOP OF THE 4TH |
|
Pennsylvania State University Nittany Lions batting - Pitching for University of California Golden Bears : RHP Robert Chauvel
|
|
Batting: RHB Mike Smith
|
0-0: Ground out 4-3 (Groundball, 4, EV 78.8 MPH)
|
|
Batting: RHB Jesse Sargent
|
0-0: Ball 1-0: Ball 2-0: Ground out 5-3 (Groundball, 56S, EV 85.0 MPH)
|
|
Batting: RHB Fernando Membreno
|
0-0: SINGLE (Line Drive, 89S, EV 109.4 MPH)
|
|
Batting: LHB Josh Lane
|
0-0: Foul Ball, location: 2F 0-1: Foul Ball, location: 2F 0-2: Ball 1-2: Fielders Choice at 2nd, 6-4 (Groundball, 6, EV 105.0 MPH)
|
| Top of the 4th over - 0 runs, 1 hit, 0 errors, 1 left on base; Pennsylvania State University 0 - University of California 0 |
| BOTTOM OF THE 4TH |
|
University of California Golden Bears batting - Pitching for Pennsylvania State University Nittany Lions : RHP David Kalinsky
|
|
Batting: RHB Juan Debayle
|
0-0: Called Strike 0-1: Ball 1-1: Ground out 4-3 (Groundball, 4M, EV 100.6 MPH)
|
|
Batting: LHB Carlos Gaona
|
0-0: Ball 1-0: Called Strike 1-1: Foul Ball, location: 2F 1-2: Strikes out swinging
|
|
Batting: SHB Matsudaira Ikeda
|
0-0: Ball 1-0: Foul Ball, location: 2F 1-1: Ball 2-1: Foul Ball, location: 2F 2-2: Ball 3-2: Strikes out looking
|
| Bottom of the 4th over - 0 runs, 0 hits, 0 errors, 0 left on base; Pennsylvania State University 0 - University of California 0 |
| TOP OF THE 5TH |
|
Pennsylvania State University Nittany Lions batting - Pitching for University of California Golden Bears : RHP Robert Chauvel
|
|
Batting: RHB Klaus Brown
|
0-0: Ball 1-0: Ball 2-0: Called Strike 2-1: Foul Ball, location: 2F 2-2: Foul Ball, location: 2F 2-2: Strikes out swinging
|
|
Batting: RHB John Hopkins
|
0-0: Ball 1-0: Foul Ball, location: 2F 1-1: Ball 2-1: Ground out 1-3 (Groundball, 34S, EV 71.9 MPH)
|
|
Batting: RHB Craig Alvarado
|
0-0: Foul Ball, location: 2F 0-1: Called Strike 0-2: Ball 1-2: Strikes out swinging
|
| Top of the 5th over - 0 runs, 0 hits, 0 errors, 0 left on base; Pennsylvania State University 0 - University of California 0 |
| BOTTOM OF THE 5TH |
|
University of California Golden Bears batting - Pitching for Pennsylvania State University Nittany Lions : RHP David Kalinsky
|
|
Batting: RHB Nate Mahon
|
0-0: Ball 1-0: Ball 2-0: Ground out 4-3 (Groundball, 4, EV 78.8 MPH)
|
|
Batting: RHB Mario Diaz
|
0-0: Ball 1-0: Ball 2-0: Called Strike 2-1: Fly out, F8 (Flyball, 8RD, EV 101.9 MPH)
|
|
Batting: RHB Alex Guerra
|
0-0: Called Strike 0-1: Ball 1-1: Ball 2-1: Ball 3-1: Base on Balls
|
|
Batting: RHB Devon Healy
|
0-0: Called Strike 0-1: Swinging Strike 0-2: Ball 1-2: Ball 2-2: Ball 3-2: Strikes out swinging
|
| Bottom of the 5th over - 0 runs, 0 hits, 0 errors, 1 left on base; Pennsylvania State University 0 - University of California 0 |
| TOP OF THE 6TH |
|
Pennsylvania State University Nittany Lions batting - Pitching for University of California Golden Bears : RHP Robert Chauvel
|
|
Batting: RHB Kaoru Hamada
|
0-0: Swinging Strike 0-1: Fly out, F9 (Flyball, 89M, EV 94.4 MPH)
|
|
Batting: SHB Glenn Harrison
|
0-0: Ball 1-0: Ball 2-0: Ground out 4-3 (Groundball, 4, EV 84.4 MPH)
|
|
Batting: RHB Mike Smith
|
0-0: Called Strike 0-1: Reached on error, E5 (Groundball, 25, EV 90.0 MPH)
|
|
Batting: RHB Jesse Sargent
|
0-0: Ball 1-0: Ball 2-0: Ball 3-0: Base on Balls
|
|
Batting: RHB Fernando Membreno
|
0-0: Ball 1-0: SINGLE (Flyball, 8LS, EV 98.8 MPH) Mike Smith to third Jesse Sargent to second Runner from 3rd tries for Home, SAFE, throw by CF to home
|
|
Batting: LHB Josh Lane
|
0-0: Called Strike 0-1: Ball 1-1: Ball 2-1: Foul Ball, location: 2F 2-2: Foul Ball, location: 2F 2-2: Ball 3-2: Strikes out looking
|
| Top of the 6th over - 1 run, 1 hit, 1 error, 2 left on base; Pennsylvania State University 1 - University of California 0 |
| BOTTOM OF THE 6TH |
|
University of California Golden Bears batting - Pitching for Pennsylvania State University Nittany Lions : RHP David Kalinsky
|
|
Batting: RHB Domingas Saragoa
|
0-0: Ball 1-0: Ground out 6-3 (Groundball, 6, EV 81.2 MPH)
|
|
Batting: LHB Eric Gaugler
|
0-0: Foul Ball, location: 2F 0-1: Ball 1-1: Foul Ball, location: 2F 1-2: Ground out U3 (Groundball, 34S, EV 66.9 MPH)
|
|
Batting: RHB Juan Debayle
|
0-0: Ball 1-0: SINGLE (Groundball, 6MD, EV 95.0 MPH)
|
|
Pitching: RHP Carsten Kosters
|
|
|
Batting: LHB Carlos Gaona
|
0-0: Called Strike 0-1: Called Strike 0-2: Ball 1-2: Ball 2-2: Ball 3-2: Strikes out swinging
|
| Bottom of the 6th over - 0 runs, 1 hit, 0 errors, 1 left on base; Pennsylvania State University 1 - University of California 0 |
| TOP OF THE 7TH |
|
Pennsylvania State University Nittany Lions batting - Pitching for University of California Golden Bears : RHP Robert Chauvel
|
|
Pitching: RHP Travis Morris
|
|
|
Batting: RHB Klaus Brown
|
0-0: Foul Ball, location: 2F 0-1: Ball 1-1: Ball 2-1: Foul Ball, location: 2F 2-2: Foul Ball, location: 2F 2-2: Strikes out looking
|
|
Batting: RHB John Hopkins
|
0-0: Called Strike 0-1: TRIPLE (Line Drive, 78XD, EV 101.9 MPH)
|
|
Batting: RHB Craig Alvarado
|
0-0: Ball 1-0: Ball 2-0: Ball 3-0: Base on Balls
|
|
Batting: RHB Kaoru Hamada
|
0-0: TRIPLE (Line Drive, 78XD, EV 100.0 MPH) John Hopkins scores Craig Alvarado scores
|
|
Batting: SHB Glenn Harrison
|
0-0: Called Strike 0-1: Called Strike 0-2: Ball 1-2: Foul Ball, location: 2F 1-2: Ball 2-2: Foul Ball, location: 2F 2-2: Ball 3-2: Base on Balls
|
|
Pitching: RHP Howie Abrams
|
|
|
Batting: RHB Mike Smith
|
0-0: Ball 1-0: Ball 2-0: Called Strike 2-1: Foul Ball, location: 2F 2-2: Foul Ball, location: 2F 2-2: Ball 3-2: Base on Balls Glenn Harrison to second
|
|
Batting: RHB Jesse Sargent
|
0-0: Ball 1-0: Foul Ball, location: 2F 1-1: Foul Ball, location: 2F 1-2: Ball 2-2: Foul Ball, location: 2F 2-2: Fly out, F9 (Flyball, 9LS, EV 84.4 MPH) Runner from 3rd tags up, SCORES, throw by RF Glenn Harrison to third
|
|
Batting: RHB Fernando Membreno
|
0-0: Called Strike 0-1: Ball 1-1: Ground out U3 (Groundball, 3, EV 105.0 MPH)
|
| Top of the 7th over - 3 runs, 2 hits, 0 errors, 2 left on base; Pennsylvania State University 4 - University of California 0 |
| BOTTOM OF THE 7TH |
|
University of California Golden Bears batting - Pitching for Pennsylvania State University Nittany Lions : RHP Carsten Kosters
|
|
Batting: SHB Matsudaira Ikeda
|
0-0: Called Strike 0-1: Ball 1-1: Ball 2-1: Foul Ball, location: 2F 2-2: Fly out, F8 (Flyball, 8LD, EV 95.6 MPH)
|
|
Batting: RHB Nate Mahon
|
0-0: Foul Ball, location: 2F 0-1: Ball 1-1: Foul Ball, location: 2F 1-2: Foul Ball, location: 2F 1-2: SINGLE (Flyball, 3D, EV 95.6 MPH)
|
|
Batting: RHB Mario Diaz
|
0-0: Called Strike 0-1: Called Strike 0-2: Strikes out swinging
|
|
Batting: RHB Alex Guerra
|
0-0: Called Strike 0-1: Foul Ball, location: 2F 0-2: Strikes out swinging
|
| Bottom of the 7th over - 0 runs, 1 hit, 0 errors, 1 left on base; Pennsylvania State University 4 - University of California 0 |
| TOP OF THE 8TH |
|
Pennsylvania State University Nittany Lions batting - Pitching for University of California Golden Bears : RHP Howie Abrams
|
|
Pitching: RHP Luis Lopez
|
|
|
Batting: LHB Josh Lane
|
0-0: Swinging Strike 0-1: Foul Ball, location: 2F 0-2: Ball 1-2: SINGLE (Flyball, 8LS, EV 94.4 MPH)
|
|
Batting: RHB Klaus Brown
|
0-0: Ball 1-0: Foul Ball, location: 2F 1-1: Called Strike 1-2: DOUBLE (Groundball, 5L, EV 107.5 MPH) Josh Lane to third
|
|
Batting: SHB Oscar Barahona
|
0-0: Fly out, F8 (Flyball, 8LM, EV 95.0 MPH) Runner from 3rd tags up, SCORES, throw by CF
|
|
Batting: RHB Craig Alvarado
|
0-0: Ball 1-0: Ball 2-0: Called Strike 2-1: Foul Ball, location: 2F 2-2: Fly out, F8 (Line Drive, 8LM, EV 98.1 MPH)
|
|
Batting: RHB Kaoru Hamada
|
0-0: Called Strike 0-1: Foul Ball, location: 2F 0-2: Fly out, F9 (Line Drive, 89M, EV 91.2 MPH)
|
| Top of the 8th over - 1 run, 2 hits, 0 errors, 1 left on base; Pennsylvania State University 5 - University of California 0 |
| BOTTOM OF THE 8TH |
|
University of California Golden Bears batting - Pitching for Pennsylvania State University Nittany Lions : RHP Carsten Kosters
|
|
Pinch Hitting: LHB Luis Orellana
|
0-0: Foul Ball, location: 2F 0-1: Ball 1-1: Foul Ball, location: 2F 1-2: Ground out U3 (Groundball, 34, EV 76.9 MPH)
|
|
Batting: RHB Domingas Saragoa
|
0-0: Ball 1-0: Ball 2-0: Called Strike 2-1: Foul Ball, location: 2F 2-2: Foul Ball, location: 2F 2-2: Strikes out swinging
|
|
Pitching: RHP Dave Boudreaux
|
|
|
Batting: LHB Eric Gaugler
|
0-0: Ball 1-0: Foul Ball, location: 2F 1-1: Ball 2-1: DOUBLE (Line Drive, 9LS, EV 100.0 MPH)
|
|
Batting: RHB Juan Debayle
|
0-0: Called Strike 0-1: Ground out 6-3 (Groundball, 6, EV 85.0 MPH)
|
| Bottom of the 8th over - 0 runs, 1 hit, 0 errors, 1 left on base; Pennsylvania State University 5 - University of California 0 |
| TOP OF THE 9TH |
|
Pennsylvania State University Nittany Lions batting - Pitching for University of California Golden Bears : RHP Luis Lopez
|
|
Now at 1B: Rúbem Trancoso
|
|
|
Batting: SHB Glenn Harrison
|
0-0: Ball 1-0: Foul Ball, location: 2F 1-1: Swinging Strike 1-2: Foul Ball, location: 2F 1-2: Fly out, F9 (Flyball, 9D, EV 103.8 MPH)
|
|
Batting: RHB Mike Smith
|
0-0: Ball 1-0: Ball 2-0: Ball 3-0: Base on Balls
|
|
Pitching: LHP John van Asten
|
|
|
Batting: RHB Jesse Sargent
|
0-0: Called Strike 0-1: Ball 1-1: Fly out, F8 (Flyball, 8RM, EV 80.6 MPH)
|
|
Batting: RHB Fernando Membreno
|
0-0: Foul Ball, location: 2F 0-1: Ball 1-1: Ball 2-1: Fly out, F8 (Flyball, 8LD, EV 101.9 MPH)
|
| Top of the 9th over - 0 runs, 0 hits, 0 errors, 1 left on base; Pennsylvania State University 5 - University of California 0 |
| BOTTOM OF THE 9TH |
|
University of California Golden Bears batting - Pitching for Pennsylvania State University Nittany Lions : RHP Dave Boudreaux
|
|
Batting: LHB Carlos Gaona
|
0-0: Ball 1-0: Called Strike 1-1: SOLO HOME RUN (Flyball, 9D, EV 94.4 MPH), Distance : 361 ft
|
|
Pinch Hitting: RHB Kasey Sands
|
0-0: Ball 1-0: Swinging Strike 1-1: Ball 2-1: DOUBLE (Line Drive, 8LXD, EV 103.1 MPH)
|
|
Batting: RHB Nate Mahon
|
0-0: Called Strike 0-1: Ball 1-1: Ball 2-1: Ball 3-1: Foul Ball, location: 2F 3-2: Foul Ball, location: 2F 3-2: Fly out, F7 (Line Drive, 7, EV 97.5 MPH)
|
|
Batting: RHB Mario Diaz
|
0-0: Ball 1-0: Ball 2-0: SINGLE (Line Drive, 9LS, EV 108.1 MPH) Kasey Sands to third
|
|
Pitching: RHP Colin Walker
|
|
|
Batting: RHB Alex Guerra
|
0-0: Called Strike 0-1: Ball 1-1: Called Strike 1-2: Strikes out swinging
|
|
Batting: RHB Rúbem Trancoso
|
0-0: Called Strike 0-1: SINGLE (Line Drive, 6D, EV 103.8 MPH) Kasey Sands scores Mario Diaz to second
|
|
Batting: RHB Domingas Saragoa
|
0-0: Foul Ball, location: 2F 0-1: Foul Ball, location: 2F 0-2: Ball 1-2: Strikes out looking
|
| Bottom of the 9th over - 2 runs, 4 hits, 0 errors, 2 left on base; Pennsylvania State University 5 - University of California 2 |
|